[Event "WWRR B-Group 2024"]
[Site "Wachtebeke"]
[Date "2024.02.13"]
[Round "6.5"]
[White "Ruzhansky, Elias"]
[Black "Raptis, Filippos"]
[Result "1-0"]
[ECO "B30"]
[WhiteElo "2133"]
[BlackElo "2174"]
[Annotator "TA"]
[PlyCount "71"]
[EventDate "2024.02.12"]
[EventType "tourn"]
[EventCountry "BEL"]
[SourceTitle "playchess.com"]
[Source "ChessBase"]
[SourceQuality "1"]
[TimeControl "40/5400+30:900+30"]

1. e4 c5 2. Nf3 Nc6 3. Bb5 e6 4. O-O Nge7 5. Re1 Nd4 6. Nxd4 cxd4 7. c3 a6 8. Bf1 Nc6 9. b4 {[%emt 0:01:00] Against Bc5} dxc3 10. dxc3 {[%emt 0:00:40] White is slightly better.} d6 11. a4 Be7 12. Na3 O-O 13. Be3 Ne5 14. f4 Nd7 15. Nc4 Nf6 16. Nb6 Rb8 17. Qf3 Qc7 18. Bf2 Nd7 19. a5 {[%emt 0:03:12] White has more active pieces. The black rooks are passive.} Nf6 (19... Nxb6 $16 20. Bxb6 (20. axb6 Qd8 $16) 20... Qc6) 20. Rac1 d5 (20... Bd7 $16 21. c4 Be8) 21. exd5 $18 Nxd5 22. Nxd5 exd5 23. Qxd5 Be6 24. Qf3 {[%emt 0:01:55] Hoping for Bb6.} Rbe8 25. Bd3 {[%emt 0:05:04][%cal Oe1e6] Strongly threatening Rxe6!} Bd6 26. Bb6 Qb8 (26... Qc8 $16 27. f5 Bd7) 27. g3 $40 {[%emt 0:00:21][%mdl 128] White wants a kill.} Kh8 (27... Re7 $142 28. Bd4 Qe8) 28. Bd4 f5 29. Re3 Bd7 30. Rce1 {[%emt 0:00:42] [#] Threatens to win with Qh5.} Rxe3 31. Rxe3 {[%emt 0:00:05] Qh5 is the strong threat.} ({Less strong is} 31. Bxe3 Bc6 32. Qh5 Be8 $18) 31... Re8 32. Rxe8+ {[%emt 0:04:24] White is clearly winning.} Qxe8 {[%emt 0:00:33] Black is weak on the dark squares} (32... Bxe8 $142 33. Qd5 (33. Bxf5 Bc6 $18) 33... Bc6 34. Qxf5 Qg8) 33. Qxb7 Bf8 34. Qf3 Bc6 35. Qe2 Qd7 36. Qe5 {[%emt 0:01:09] White took control after the opening.   Weighted Error Value: White=0.16 (very precise) /Black=0.37.  Mistake:       	---       	Black=5      Inaccurate:     	---       	Black=4      OK:         	White=13    	Black=7      Best:        	White=1     	Black=1} 1-0

[Event "WWRR B-Group 2024"]
[Site "Wachtebeke"]
[Date "2024.02.13"]
[Round "6.5"]
[White "Nemegeer, Arne"]
[Black "Schrik, Rachid"]
[Result "1-0"]
[ECO "B30"]
[WhiteElo "2100"]
[BlackElo "2179"]
[Annotator "TA"]
[PlyCount "71"]
[EventDate "2024.02.12"]
[EventType "tourn"]
[EventCountry "BEL"]
[SourceTitle "playchess.com"]
[Source "ChessBase"]
[SourceQuality "1"]
[TimeControl "40/5400+30:900+30"]

1. e4 c5 2. Nf3 Nc6 3. Bb5 e6 4. O-O Nge7 5. Re1 Nd4 6. Nxd4 cxd4 7. c3 a6 8. Bf1 Nc6 9. b4 {[%emt 0:01:00] Prevents Bc5} dxc3 10. dxc3 {[%emt 0:00:40] White is slightly better.} d6 11. a4 Be7 12. Na3 O-O 13. Be3 Ne5 (13... d5 $14) 14. f4 Nd7 15. Nc4 Nf6 16. Nb6 Rb8 17. Qf3 Qc7 18. Bf2 Nd7 19. a5 {[%emt 0:03:12] White is much more active. The black rooks are passive.} Nf6 20. Rac1 d5 (20... Bd7 $16 {is a better defense.} 21. c4 Be8) 21. exd5 $18 Nxd5 22. Nxd5 exd5 23. Qxd5 Be6 24. Qf3 {[%emt 0:01:55] Threatens to win with Bb6.} Rbe8 25. Bd3 {[%emt 0:05:04][%cal Oe1e6] Strongly threatening Rxe6!} Bd6 26. Bb6 Qb8 (26... Qd7 $16 27. h3 Bb3) 27. g3 $40 {[%emt 0:00:21][%mdl 128] White goes for the king.} Kh8 28. Bd4 f5 29. Re3 Bd7 30. Rce1 {[%emt 0:00:42] [#] Qh5 would now be deadly.} Rxe3 31. Rxe3 {[%emt 0:00:05] White is clearly winning.} ({Weaker is} 31. Bxe3 Bc6 32. Qh5 Be8 $18) 31... Re8 32. Rxe8+ Qxe8 {[%emt 0:00:33] Black is weak on the dark squares} (32... Bxe8 $142 33. Bxf5 Qc7) 33. Qxb7 Bf8 34. Qf3 Bc6 35. Qe2 Qd7 36. Qe5 {[%emt 0:01:09] White took control after the opening.   Weighted Error Value: White=0.07 (flawless) /Black=0.31.  Mistake:       	---       	Black=4      Inaccurate:     	---       	Black=3      OK:         	White=13    	Black=8} 1-0

[Event "WWRR B-Group 2024"]
[Site "Wachtebeke"]
[Date "2024.02.14"]
[Round "7.1"]
[White "Schrik, Rachid"]
[Black "Toulzac, Pierre-Yves"]
[Result "1/2-1/2"]
[ECO "D55"]
[WhiteElo "2179"]
[BlackElo "2046"]
[Annotator "TA"]
[PlyCount "27"]
[EventDate "2024.02.12"]
[EventType "tourn"]
[EventCountry "BEL"]
[SourceTitle "playchess.com"]
[Source "ChessBase"]
[SourceQuality "1"]
[TimeControl "40/5400+30:900+30"]

1. d4 d5 2. c4 e6 3. Nc3 Nf6 4. Bg5 Be7 5. e3 h6 6. Bxf6 Bxf6 7. Rc1 O-O 8. Nf3 Nc6 9. cxd5 exd5 10. h3 Re8 11. Bb5 Re6 12. O-O Ne7 13. Bd3 c6 14. Re1 {[%emt 0:02:32] White took control after the opening.   Weighted Error Value: White=0.00 (flawless) /Black=0.12 (very precise) .  OK:         	White=3     	Black=1} 1/2-1/2

[Event "WWRR B-Group 2024"]
[Site "Wachtebeke"]
[Date "2024.02.14"]
[Round "7.2"]
[White "Vandenhole, Kobe"]
[Black "Nemegeer, Arne"]
[Result "1/2-1/2"]
[ECO "B50"]
[WhiteElo "2081"]
[BlackElo "2100"]
[Annotator "NA RC"]
[PlyCount "122"]
[EventDate "2024.02.12"]
[EventType "tourn"]
[EventCountry "BEL"]
[SourceTitle "playchess.com"]
[Source "ChessBase"]
[SourceQuality "1"]
[TimeControl "40/5400+30:900+30"]

1. e4 c5 2. Nf3 d6 3. c3 Nf6 4. Be2 g6 5. O-O Bg7 6. Bb5+ Nc6 7. d4 {[%emt 0:00:22] B50: Sicilian: 2...d6, Miscellaneous.} Qb6 8. Ba4 O-O 9. d5 Nb8 10. Re1 Nbd7 11. h3 Qc7 12. c4 Nb6 13. Bb3 e5 14. dxe6 Bxe6 {[%emt 0:00:07] [#]} 15. Bf4 ({White should play} 15. Qd3 $1 $16) 15... Rad8 16. Qc2 Nfd7 17. Nc3 Ne5 18. Nxe5 dxe5 19. Bg5 f6 20. Nd5 $11 Nxd5 21. cxd5 Bf7 22. Be3 b6 23. Ba4 f5 24. f3 Qe7 25. a3 f4 26. Bf2 Kh8 27. b4 cxb4 28. axb4 g5 29. Rec1 Bg6 30. Qc7 Qxb4 31. Bc6 Bf6 32. Qxa7 h5 33. Qxb6 Qd2 34. Rd1 Qe2 35. Qb5 Qc2 36. Rdc1 Qd2 37. Qa5 Qxa5 38. Rxa5 g4 39. hxg4 hxg4 40. Kf1 Rb8 41. Rb5 gxf3 42. gxf3 Bh5 43. Ke2 Rxb5 44. Bxb5 Kg7 45. Rc7+ Kg6 46. Ba7 Rg8 47. d6 Kh6 48. d7 Rg2+ 49. Kf1 Rd2 50. Be2 Bd8 51. Rc6+ Kg5 52. Bb8 Rxd7 53. Bxe5 Rb7 54. Kg2 Rb1 55. Bg7 Bg6 56. Rc5+ Kh4 57. Bd4 Bg5 58. Rc8 Be7 59. Rg8 Kg5 60. Be5 Bc5 61. Rc8 Be3 1/2-1/2

[Event "WWRR B-Group 2024"]
[Site "Wachtebeke"]
[Date "2024.02.14"]
[Round "7.3"]
[White "Raptis, Filippos"]
[Black "Verduyn, Frederic"]
[Result "0-1"]
[ECO "B06"]
[WhiteElo "2174"]
[BlackElo "2087"]
[Annotator "TA"]
[PlyCount "87"]
[EventDate "2024.02.12"]
[EventType "tourn"]
[EventCountry "BEL"]
[SourceTitle "playchess.com"]
[Source "ChessBase"]
[SourceQuality "1"]
[TimeControl "40/5400+30:900+30"]

1. e4 g6 2. d4 Bg7 3. Be3 d5 4. exd5 Nf6 5. c4 O-O 6. Be2 b5 7. cxb5 (7. b3 $5) 7... Nxd5 8. Nc3 {[%emt 0:00:45] White has an edge.} Nxe3 9. fxe3 {[%emt 0:00:02] Threatening Bf3.} Nd7 10. Nf3 Bb7 11. O-O e5 12. dxe5 Qe7 13. Rc1 Nxe5 14. Nd5 Bxd5 15. Qxd5 Ng4 $1 16. Qc5 Qxc5 (16... Rae8 $1 $17 17. Qxe7 (17. Qxc7 $2 {too greedy.} Qxe3+ 18. Kh1 Qxe2 $19) (17. Qxa7 $2 Bh6 $19) 17... Rxe7) 17. Rxc5 $11 Bh6 18. Ng5 Nxe3 19. Rxf7 Rxf7 20. Nxf7 Kxf7 21. Rxc7+ Kg8 22. Bf3 {[%emt 0:02:55] [#]} Rb8 23. a4 {[%emt 0:01:07] [#]} Nf5 $1 24. Kf1 Be3 25. b4 Rd8 ({Better is} 25... Bb6 $17 26. Bd5+ Kh8 (26... Kf8 27. Rf7+ Ke8 28. Rxh7 $11)) 26. a5 $15 Nd4 27. b6 {[%emt 0:00:38] Loses the game.} ({White should play} 27. Re7 $15 Nxf3 28. gxf3) 27... axb6 $19 28. axb6 $2 (28. a6 {was called for.} Nxf3 29. gxf3) 28... Nxf3 29. b7 (29. gxf3 $142 Bxb6 30. Rb7) 29... Nxh2+ 30. Ke2 Ba7 31. Rc8 Rf8 32. Kd3 Ng4 33. Kc4 Ne3+ 34. Kb5 Bb8 35. Kc6 Nf5 {[%emt 0:01:17] And now ...Nd6 would win.} 36. Kd7 Nd6 37. Rc2 Rf7+ 38. Ke6 Rxb7 39. g4 Rxb4 {[%emt 0:00:26][%cal Od6e4] ( -> ...Ne4!)} 40. g5 Rb5 {[%emt 0:00:31] Black mates.} 41. Ra2 Rxg5 42. Kf6 Rf5+ 43. Ke6 Rf8 44. Kd5 {[%emt 0:02:20] Weighted Error Value: White=0.53/Black=0.05 (flawless) .  Loses game:     	White=1     	---        Mistake:       	White=2     	Black=2      Inaccurate:     	White=4     	---        OK:         	White=5     	Black=10     Best:        	White=1     	Black=4      Strong:       	---       	Black=1} 0-1

[Event "WWRR B-Group 2024"]
[Site "Wachtebeke"]
[Date "2024.02.14"]
[Round "7.4"]
[White "Dreelinck, Jacob"]
[Black "Ruzhansky, Elias"]
[Result "1-0"]
[ECO "B57"]
[WhiteElo "2196"]
[BlackElo "2133"]
[Annotator "TA"]
[PlyCount "72"]
[EventDate "2024.02.12"]
[EventType "tourn"]
[EventCountry "BEL"]
[SourceTitle "playchess.com"]
[Source "ChessBase"]
[SourceQuality "1"]
[TimeControl "40/5400+30:900+30"]

1. e4 c5 2. Nf3 Nc6 3. d4 cxd4 4. Nxd4 Nf6 5. Nc3 d6 6. Bc4 Qb6 7. Nb3 e6 8. Bf4 Ne5 9. Be2 Bd7 10. Qd2 a6 11. O-O-O Qc7 12. Bg5 {[%emt 0:05:21] The position is equal.} b5 {[%emt 0:04:44] [#] And now ...b4 would win.} 13. f4 b4 (13... Neg4 $11 {is superior.}) 14. Nd5 $1 $14 (14. fxe5 bxc3 15. Qe3 (15. Qxc3 Qxc3 16. bxc3 dxe5 $17) 15... dxe5 16. bxc3 a5 17. Bxf6 gxf6 $19) 14... exd5 15. Bxf6 (15. fxe5 $14 dxe5 16. Bxf6 (16. exd5 Ne4 $11) 16... gxf6 17. Rhf1) 15... gxf6 $11 16. fxe5 dxe5 (16... fxe5 $11 17. Qxd5 (17. Qxb4 $2 a5 $17) 17... Rc8) 17. exd5 $14 Rc8 {[%emt 0:13:20][%cal Of8h6] [#] ...Bh6! is the strong threat.} 18. Kb1 (18. Bxa6 $2 {too greedy.} Bh6 19. Bxc8 Bxd2+ 20. Kb1 Bh6 21. Bxd7+ Kxd7 $19) 18... Qb6 (18... a5 $14) 19. Rhf1 a5 20. Qe1 a4 21. Nd2 {[%emt 0:03:21] Qg3 would now be deadly.} b3 22. axb3 axb3 23. Nxb3 Rg8 24. g3 Bb4 25. Qf2 ({Better is} 25. Rxf6 $18 Qxf6 26. Qxb4) 25... Qxf2 $16 26. Rxf2 f5 27. c3 Bxc3 {[%emt 0:03:43][%mdl 8192] This move loses the game for Black.} (27... Bf8 $16) 28. bxc3 $18 Rxc3 29. Kb2 Re3 (29... Rc8 $142 30. d6 f6) 30. Nc5 {[%emt 0:00:00] White is clearly winning.} f4 31. gxf4 exf4 32. Rd4 Rg5 33. Bf3 Rg1 34. Rxf4 f5 35. Nxd7 Kxd7 36. Rxf5 Rg8 {[%emt 0:00:09] Weighted Error Value: White=0.28 (precise) /Black=0.35.  Loses game:     	---       	Black=1      Mistake:       	White=2     	Black=5      Inaccurate:     	---       	Black=3      OK:         	White=10    	Black=8      Best:        	White=2     	---        Strong:       	White=1     	---} 1-0

[Event "WWRR B-Group 2024"]
[Site "Wachtebeke"]
[Date "2024.02.14"]
[Round "7.5"]
[White "Kurt, Sascha"]
[Black "Dreelinck, Adriaan"]
[Result "1/2-1/2"]
[ECO "C03"]
[WhiteElo "2002"]
[BlackElo "2205"]
[Annotator "TA"]
[PlyCount "78"]
[EventDate "2024.02.12"]
[EventType "tourn"]
[EventCountry "BEL"]
[SourceTitle "playchess.com"]
[Source "ChessBase"]
[SourceQuality "1"]
[TimeControl "40/5400+30:900+30"]

1. e4 e6 2. d4 d5 3. Nd2 h6 4. c3 c5 5. exd5 exd5 6. Ngf3 Nf6 7. Bb5+ Bd7 8. Bxd7+ {[%emt 0:00:43] White has an edge.} Nbxd7 9. O-O Be7 10. dxc5 Nxc5 11. Nb3 Nce4 12. Bf4 O-O 13. Nfd4 Re8 14. Qf3 Qd7 15. Rad1 a5 16. Nd2 a4 17. a3 Ra6 18. Nc2 Qb5 19. Nb4 Bxb4 20. cxb4 Rae6 21. Nxe4 dxe4 22. Qe3 Rc8 23. Qd4 {[%emt 0:02:02] White is weak on the light squares} Rc2 24. Rc1 Qd3 (24... Re2 $11) 25. Qxd3 $1 $14 exd3 26. Rxc2 dxc2 {[%emt 0:00:05][%mdl 4096] Endgame. KRB-KRN} 27. Rc1 Nd5 28. Be3 (28. Bd2 $14) 28... Nxe3 $11 {[%emt 0:02:44] The position is equal.} 29. fxe3 Rxe3 30. Rxc2 {[%emt 0:00:07] KR-KR} Rb3 31. Rc8+ Kh7 32. Rc7 b5 33. Rxf7 Rxb2 34. Rb7 Ra2 35. Rxb5 Rxa3 36. Ra5 Ra2 37. b5 Kg6 38. b6 Rb2 {[%emt 0:00:22] Prevents Rb5} 39. Rxa4 Rxb6 {[%emt 0:00:06] Weighted Error Value: White=0.06 (flawless) /Black=0.07 (flawless) .  Mistake:       	White=1     	Black=1      Inaccurate:     	White=1     	---        OK:         	White=17    	Black=16     Best:        	White=1     	---        Strong:       	White=1     	---} 1/2-1/2

[Event "WWRR B-Group 2024"]
[Site "Wachtebeke"]
[Date "2024.02.14"]
[Round "8.1"]
[White "Toulzac, Pierre-Yves"]
[Black "Dreelinck, Adriaan"]
[Result "1/2-1/2"]
[ECO "E90"]
[WhiteElo "2046"]
[BlackElo "2205"]
[Annotator "RC"]
[PlyCount "76"]
[EventDate "2024.02.12"]
[EventType "tourn"]
[EventCountry "BEL"]
[SourceTitle "playchess.com"]
[Source "ChessBase"]
[SourceQuality "1"]
[TimeControl "40/5400+30:900+30"]

1. d4 Nf6 2. c4 g6 3. Nc3 Bg7 4. e4 d6 5. h3 O-O 6. Nf3 e5 7. dxe5 dxe5 8. Qxd8 Rxd8 9. Bg5 c6 10. Nxe5 Re8 11. O-O-O Na6 12. f4 h6 13. Bxf6 Bxf6 14. Nf3 Bxc3 15. bxc3 Rxe4 16. Rd8+ Kg7 17. Bd3 Rxf4 18. Re1 Nc7 19. Nd4 Kf6 20. c5 Rf2 21. Bc4 Bf5 22. Rd6+ Kg5 23. Bxf7 Rxg2 24. Nxf5 Kxf5 25. Rf1+ Ke5 26. Bxg6 Rg8 27. Rf5+ Ke4 28. Rg5+ Rxg6 29. Rgxg6 Rxa2 30. Rd4+ Ke3 31. Rxh6 Rh2 32. h4 Nd5 33. Re6+ Kf3 34. Rd3+ Kg4 35. Rg6+ Kf5 36. Rg7 Rxh4 37. Rxb7 Rc4 38. Rxa7 Ke5 1/2-1/2

[Event "WWRR B-Group 2024"]
[Site "Wachtebeke"]
[Date "2024.02.14"]
[Round "8.2"]
[White "Ruzhansky, Elias"]
[Black "Kurt, Sascha"]
[Result "1-0"]
[ECO "B80"]
[WhiteElo "2133"]
[BlackElo "2002"]
[Annotator "RC"]
[PlyCount "107"]
[EventDate "2024.02.12"]
[EventType "tourn"]
[EventCountry "BEL"]
[SourceTitle "playchess.com"]
[Source "ChessBase"]
[SourceQuality "1"]
[TimeControl "40/5400+30:900+30"]

1. e4 c5 2. Nf3 d6 3. d4 cxd4 4. Nxd4 Nf6 5. Nc3 e6 6. Be3 Be7 7. f3 Nc6 8. Qd2 O-O 9. g4 d5 10. g5 Nh5 11. Nxc6 bxc6 12. Be2 d4 13. Qxd4 Qxd4 14. Bxd4 Bxg5 15. Rg1 Bh4+ 16. Bf2 Bxf2+ 17. Kxf2 Rd8 18. Ke3 Nf6 19. Rad1 Rxd1 20. Rxd1 Kf8 21. Na4 e5 22. Nc5 Ke7 23. Bc4 Rb8 24. b3 Ne8 25. a4 Nc7 26. c3 Be6 27. Nxe6 Nxe6 28. b4 f6 29. Rb1 Nc7 30. h4 h6 31. h5 Ne8 32. b5 Kd6 33. Be2 Kc5 34. Rg1 Rb7 35. bxc6 Re7 36. Bb5 Nc7 37. Rd1 Nxb5 38. axb5 Kxb5 39. Rd7 Re6 40. Rxa7 Rxc6 41. Rxg7 Rxc3+ 42. Kf2 Rc8 43. Rg6 Rf8 44. Rxh6 Kc5 45. Rg6 Kd6 46. Kg3 Ke6 47. h6 Rh8 48. Kg4 Rh7 49. Kh5 Kf7 50. Rg1 f5 51. Ra1 fxe4 52. Ra7+ Kg8 53. Ra8+ Kf7 54. fxe4 1-0

[Event "WWRR B-Group 2024"]
[Site "Wachtebeke"]
[Date "2024.02.14"]
[Round "8.3"]
[White "Verduyn, Frederic"]
[Black "Dreelinck, Jacob"]
[Result "1/2-1/2"]
[ECO "B00"]
[WhiteElo "2087"]
[BlackElo "2196"]
[Annotator "RC"]
[PlyCount "72"]
[EventDate "2024.02.12"]
[EventType "tourn"]
[EventCountry "BEL"]
[SourceTitle "playchess.com"]
[Source "ChessBase"]
[SourceQuality "1"]
[TimeControl "40/5400+30:900+30"]

1. d4 a6 2. e4 h6 3. f4 e6 4. Nf3 d5 5. e5 Ne7 6. Bd3 Nf5 7. O-O c5 8. Bxf5 exf5 9. Kh1 Be6 10. Be3 c4 11. Qe2 Nc6 12. Rd1 Be7 13. b3 b5 14. a4 Kd7 15. bxc4 bxc4 16. Nbd2 Na5 17. Nf1 Bb4 18. Bd2 Rb8 19. Rab1 Qe7 20. Qe1 Nc6 21. Ne3 Kc7 22. c3 Ba5 23. h3 h5 24. Rxb8 Rxb8 25. Rb1 Rxb1 26. Qxb1 g6 27. Qb2 Bb6 28. Bc1 Na5 29. Qa2 Kc6 30. Ba3 Qb7 31. Bf8 Bd8 32. Nd2 Be7 33. Bxe7 Qxe7 34. Qb2 Qb7 35. Qa3 Qc7 36. Nf3 Nb7 1/2-1/2

[Event "WWRR B-Group 2024"]
[Site "Wachtebeke"]
[Date "2024.02.14"]
[Round "8.4"]
[White "Nemegeer, Arne"]
[Black "Raptis, Filippos"]
[Result "1/2-1/2"]
[ECO "B06"]
[WhiteElo "2100"]
[BlackElo "2174"]
[Annotator "TA"]
[PlyCount "43"]
[EventDate "2024.02.12"]
[EventType "tourn"]
[EventCountry "BEL"]
[SourceTitle "playchess.com"]
[Source "ChessBase"]
[SourceQuality "1"]
[TimeControl "40/5400+30:900+30"]

1. e4 d6 2. d4 Nf6 3. Nc3 g6 4. Be3 a6 5. Qd2 b5 6. f3 Bb7 7. O-O-O Nbd7 8. h4 h5 9. Nh3 Bg7 10. Ng5 e6 11. Kb1 Qe7 12. Rg1 Nb6 {[%emt 0:06:10] White has an edge.} 13. Bd3 b4 14. Ne2 d5 (14... a5 $14) 15. e5 $18 Nfd7 16. Nf4 Nc4 17. Qe2 {[%emt 0:02:37][%cal Od3g6] And now Bxg6! would win.} Nxe3 18. Qxe3 (18. Bxg6 $1 $16 fxg6 (18... Nxd1 $2 {too greedy.} 19. Bxf7+ $18) 19. Nxg6 Nxd1 (19... b3 $2 20. axb3 Nxd1 21. Nxe7 $18) 20. Rxd1 (20. Nxe7 Kxe7 21. Qd3 Rh6 $18)) 18... Bh6 (18... Nf8 $14) 19. g4 {[%emt 0:02:41] White has more active pieces.} Bxg5 20. hxg5 {[%emt 0:00:15] gxh5 would now be deadly.} hxg4 {[%emt 0:01:36] [#]} 21. Rxg4 ({Much less strong is} 21. fxg4 $6 Qxg5 22. Qf2 O-O-O $14) ({White should play} 21. Bxg6 $1 $16 {[%cal Og1g4] Threatens to win with Rxg4!} fxg6 22. Nxg6 (22. Rxg4 $2 Nf8 $17)) 21... O-O-O {[%emt 0:04:11] [#]} ({Better is} 21... Rg8 $14) 22. Qe2 {[%emt 0:11:37] Weighted Error Value: White=0.22 (precise) /Black=0.39.  Mistake:       	White=3     	Black=3      Inaccurate:     	---       	Black=2      OK:         	White=3     	Black=4      Best:        	White=1     	---} (22. Bxg6 $142 $1 fxg6 23. Nxg6) 1/2-1/2

[Event "WWRR B-Group 2024"]
[Site "Wachtebeke"]
[Date "2024.02.14"]
[Round "8.5"]
[White "Schrik, Rachid"]
[Black "Vandenhole, Kobe"]
[Result "1/2-1/2"]
[ECO "D31"]
[WhiteElo "2179"]
[BlackElo "2081"]
[Annotator "RC"]
[PlyCount "58"]
[EventDate "2024.02.12"]
[EventType "tourn"]
[EventCountry "BEL"]
[SourceTitle "playchess.com"]
[Source "ChessBase"]
[SourceQuality "1"]
[TimeControl "40/5400+30:900+30"]

1. d4 d5 2. c4 e6 3. Nc3 a6 4. cxd5 exd5 5. Qb3 c5 6. Qxd5 cxd4 7. Qxd8+ Kxd8 8. Nd5 Be6 9. Nf4 Nc6 10. Nxe6+ fxe6 11. Bg5+ Be7 12. Nf3 Bxg5 13. Nxg5 Ke7 14. g3 Nf6 15. Bg2 Rac8 16. O-O Rhd8 17. Rac1 h6 18. Ne4 Nxe4 19. Bxe4 Rc7 20. Rfd1 Rd6 21. Rc5 Rcd7 22. a3 Kf6 23. Rdc1 Ne7 24. h4 b6 25. Rc7 Rxc7 26. Rxc7 Ng6 27. f4 Nf8 28. h5 e5 29. fxe5+ Kxe5 1/2-1/2

[Event "WWRR B-Group 2024"]
[Site "Wachtebeke"]
[Date "2024.02.15"]
[Round "9.1"]
[White "Vandenhole, Kobe"]
[Black "Toulzac, Pierre-Yves"]
[Result "1/2-1/2"]
[ECO "C47"]
[WhiteElo "2081"]
[BlackElo "2046"]
[Annotator "NA RC"]
[PlyCount "102"]
[EventDate "2024.02.12"]
[EventType "tourn"]
[EventCountry "BEL"]
[SourceTitle "playchess.com"]
[Source "ChessBase"]
[SourceQuality "1"]
[TimeControl "40/5400+30:900+30"]

1. e4 e5 2. Nf3 Nc6 3. Nc3 Nf6 4. h3 Bb4 5. Bd3 O-O 6. O-O a6 7. Nd5 Bc5 8. c3 d6 9. Bc2 Nxd5 10. exd5 Ne7 11. d4 exd4 12. cxd4 Ba7 13. Re1 Nxd5 14. Qd3 f5 15. Bb3 c6 16. Bg5 Qa5 17. Be7 Re8 18. Bxd6 Bd7 19. Ne5 Be6 20. Nc4 Qd8 21. Be5 Qg5 22. Ne3 Rad8 23. Rad1 g6 24. g3 Rd7 25. Nxd5 Bxd5 26. Bf4 Qd8 27. h4 Rde7 28. Rxe7 Qxe7 29. Bxd5+ cxd5 30. Qb3 Qe4 31. Be5 Re7 32. Qc3 Qe2 33. Re1 Qc4 34. Rc1 Qxc3 35. Rxc3 Kf7 36. Kg2 Bb6 37. Kf3 Ke6 38. Kf4 Bd8 39. Kg5 Rf7+ 40. Kh6 Be7 41. Re3 Kd7 42. Rc3 Bf8+ 43. Kg5 Be7+ 44. Kf4 Bd8 45. Rc5 Ke6 46. Rc8 Rd7 47. a4 h6 48. Ke3 Kf7 49. Kd3 Ke6 50. Bg7 Bxh4 51. Bxh6 Bf6 1/2-1/2

[Event "WWRR B-Group 2024"]
[Site "Wachtebeke"]
[Date "2024.02.15"]
[Round "9.2"]
[White "Raptis, Filippos"]
[Black "Schrik, Rachid"]
[Result "1/2-1/2"]
[ECO "D04"]
[WhiteElo "2174"]
[BlackElo "2179"]
[Annotator "NA RC"]
[PlyCount "66"]
[EventDate "2024.02.12"]
[EventType "tourn"]
[EventCountry "BEL"]
[SourceTitle "playchess.com"]
[Source "ChessBase"]
[SourceQuality "1"]
[TimeControl "40/5400+30:900+30"]

1. d4 Nf6 2. Nf3 d5 3. e3 g6 4. b3 Bg7 5. Bb2 O-O 6. Be2 Ne4 7. O-O b6 8. Nbd2 Bb7 9. c4 e6 10. Rc1 Nd7 11. Nxe4 dxe4 12. Nd2 c5 13. Qc2 f5 14. dxc5 Nxc5 15. Bxg7 Kxg7 16. Rcd1 Qe7 17. b4 Na6 18. a3 Rfd8 19. Nb3 Nc7 20. Nd4 e5 21. Nb5 Nxb5 22. cxb5 f4 23. exf4 exf4 24. Rxd8 Rxd8 25. Rd1 Rxd1+ 26. Qxd1 g5 27. Qd4+ Kh6 28. a4 e3 29. f3 Qg7 30. Qd6+ Qg6 31. Qf8+ Qg7 32. Qd6+ Qg6 33. Qf8+ Qg7 1/2-1/2

[Event "WWRR B-Group 2024"]
[Site "Wachtebeke"]
[Date "2024.02.15"]
[Round "9.3"]
[White "Dreelinck, Jacob"]
[Black "Nemegeer, Arne"]
[Result "1/2-1/2"]
[ECO "B82"]
[WhiteElo "2196"]
[BlackElo "2100"]
[Annotator "NA RC"]
[PlyCount "67"]
[EventDate "2024.02.12"]
[EventType "tourn"]
[EventCountry "BEL"]
[SourceTitle "playchess.com"]
[Source "ChessBase"]
[SourceQuality "1"]
[TimeControl "40/5400+30:900+30"]

1. e4 c5 2. Nf3 d6 3. d4 cxd4 4. Nxd4 Nf6 5. Nc3 Nc6 6. Bc4 Qb6 7. Nb3 e6 8. Be3 Qc7 9. f4 a6 10. Bd3 b5 11. g4 Bb7 12. Qe2 Be7 13. Bf2 Rc8 14. Rd1 Nb4 15. g5 Nxd3+ 16. cxd3 Nd7 17. Nd4 g6 18. Nf3 b4 19. Nb1 d5 20. e5 Qc2 21. Nd4 Qxe2+ 22. Kxe2 Nc5 23. Nd2 Kd7 24. N2b3 Na4 25. Rb1 h6 26. h4 h5 27. Be1 Rc7 28. Rh2 Rhc8 29. Kd1 Nc5 30. Rd2 Bc6 31. Nxc5+ Bxc5 32. Bf2 Ba4+ 33. b3 Bb5 34. Ra1 1/2-1/2

[Event "WWRR B-Group 2024"]
[Site "Wachtebeke"]
[Date "2024.02.15"]
[Round "9.4"]
[White "Kurt, Sascha"]
[Black "Verduyn, Frederic"]
[Result "1-0"]
[ECO "B06"]
[WhiteElo "2002"]
[BlackElo "2087"]
[Annotator "NA RC"]
[PlyCount "73"]
[EventDate "2024.02.12"]
[EventType "tourn"]
[EventCountry "BEL"]
[SourceTitle "playchess.com"]
[Source "ChessBase"]
[SourceQuality "1"]
[TimeControl "40/5400+30:900+30"]

1. e4 g6 2. d4 Bg7 3. Nc3 d6 4. Be3 a6 5. Qd2 b5 6. O-O-O Bb7 7. f3 Nd7 8. h4 h6 9. Bd3 Rc8 10. d5 c5 11. dxc6 Bxc6 12. Nd5 Bxd5 13. exd5 Nc5 14. Ne2 Nf6 15. Bd4 Nxd3+ 16. Qxd3 Qa5 17. Kb1 O-O 18. h5 g5 19. Ng3 e6 20. dxe6 fxe6 21. Qg6 Rc4 22. Bxf6 Rxf6 23. Qe8+ Kh7 24. Rxd6 Qb4 25. Rd8 Rf8 26. Qg6+ Kh8 27. Rxf8+ Qxf8 28. Rd1 Qc8 29. Ne4 Qf8 30. Nd6 Rf4 31. Qxe6 Rb4 32. Nf7+ Kh7 33. Qg6+ Kg8 34. Nxh6+ Kh8 35. Nf7+ Kg8 36. Rd8 Rxb2+ 37. Kc1 1-0